 Dungeon Crawl Stone Soup version 0.31.0-11-ge490571c62 (webtiles) character file.

Game seed: 3814761030235631180

44 Arctor the Firebug (level 3, -2/19 HPs)
             Began as a Deep Elf Fire Elementalist on Jan 31, 2024.
             Slain by a gnoll
             ... wielding a +0 flail
              (4 damage)
             ... on level 2 of the Dungeon.
             The game lasted 00:01:33 (1668 turns).

Arctor the Firebug (Deep Elf Fire Elementalist)     Turns: 1668, Time: 00:01:34

Health: -2/19      AC:  3    Str:  5    XL:     3   Next: 41%
Magic:  5/10       EV: 13    Int: 21    God:
Gold:   102        SH:  0    Dex: 15    Spells: 8/9 levels left

rFire   . . .        n - +0 dagger (vamp)
rCold   . . .        (no shield)
rNeg    . . .        a - +0 robe
rPois   .            (no helmet)
rElec   .            h - +0 cloak
rCorr   .            (no gloves)
SInv    .            (no boots)
Will    .....        (no amulet)
Stlth   ++           (no ring)
HPRegen 0.23/turn    (no ring)
MPRegen 0.12/turn

%: no passive effects
@: no status effects
A: no striking features
a: no special abilities


You were on level 2 of the Dungeon.
You visited 1 branch of the dungeon, and saw 3 of its levels.

You collected 102 gold pieces.

Inventory:

Hand Weapons
 n - a +0 vampiric dagger (weapon)
Armour
 a - a +0 robe (worn)
 h - a +0 cloak (worn)
Scrolls
 f - a scroll of vulnerability
 i - 2 scrolls of immolation
 j - a scroll of identify
Potions
 b - a potion of magic
 c - a potion of cancellation {unknown}
 d - 4 potions of heal wounds {unknown}
 e - 2 potions of curing {unknown}
 g - a potion of degeneration {unknown}
 m - a potion of mutation {unknown}


   Skills:
 + Level 2.9 Dodging
 + Level 3.2 Stealth
 + Level 3.5 Spellcasting
 + Level 1.9 Conjurations
 + Level 3.6 Fire Magic


You had 8 spell levels left.
You knew the following spells:

 Your Spells              Type           Power      Damage    Failure   Level
a - Foxfire               Conj/Fire      60%        2x1d7     4%          1

Your spell library contained the following spells:

 Spells                   Type           Power      Damage    Failure   Level
 Scorch                   Fire           38%        2d6       4%          2
 Inner Flame              Hex/Fire       11%        N/A       19%         3
 Volatile Blastmotes      Fire/Tloc      22%        2d11      19%         3
 Flame Wave               Conj/Fire      15%        2d7       36%         4


Dungeon Overview and Level Annotations

Branches:
Dungeon (3/15)

Altars:


Message History

You can't see any item there.
You conjure some foxfire!
A gnoll comes into view. It is wielding a +0 spear.
A gnoll comes into view. It is wielding a +0 halberd.
You miscast Foxfire.
You are very lightly contaminated with residual magic.
Nothing appears to happen.
The foxfire hits the gnoll but does no damage.
The foxfire hits the gnoll.
The gnoll is moderately wounded.
The bat misses you.
You conjure some foxfire!
The bat hits you.
Unknown command.
You conjure some foxfire!
The foxfire hits the bat.
You kill the bat!
The foxfire hits the gnoll.
The gnoll is heavily wounded.
Unknown command.
You conjure some foxfire!
The foxfire hits the gnoll.
The gnoll is lightly wounded.
The foxfire hits the gnoll.
The gnoll is almost dead.
The gnoll barely misses you.
Unknown command.
Unknown command.
HP restored.
The foxfire hits the gnoll.
The gnoll is moderately wounded.
The foxfire hits the gnoll.
The gnoll is almost dead.
The gnoll hits you with a +0 flail!
Ouch! That really hurt!
The gnoll hits you from afar with a +0 spear.
* * * LOW HITPOINT WARNING * * *
You climb upwards.
There is a stone staircase leading down here.
Your magical contamination has completely faded away.
Casting: Foxfire (safe; 4% risk of failure)
Confirm with . or Enter, or press ? or * to list all spells.
You conjure some foxfire!
The gnoll hits you with a +0 flail.
You die...

##...#
##.#.#########
##.#.........######
...#########.##...#
.....### #.##.#.#
...#...# #....#.#
#....#.# ######.#
.#.#.#.# ###v#
...#.#.########v@.#
.#.#.#........#g###
.###.#..#####.#.#
.#.#.#...# #.#.#
...#.....# #...#
##.#####.# #####
#.......# #########


You could see a gnoll (ally target).

Vanquished Creatures
  2 dart slugs (D:1)
  3 ball pythons (D:1)
  2 endoplasms (D:1)
  A giant cockroach (D:1)
  3 goblins
  6 hobgoblins
  3 kobolds
  4 quokkas
  5 bats
  9 rats
38 creatures vanquished.

Vanquished Creatures (collateral kills)
  3 foxfires (D:1)
3 creatures vanquished.

Vanquished Creatures (others)
  138 foxfires
138 creatures vanquished.

Grand Total: 179 creatures vanquished

Notes
Turn   | Place    | Note
-------+----------+-------------------------------------------
     0 | D:1      | Arctor the Deep Elf Fire Elementalist began the quest for
                  | the Orb.
     0 | D:1      | Reached XP level 1. HP: 10/10 MP: 6/6
   192 | D:1      | Reached XP level 2. HP: 15/15 MP: 4/8
   581 | D:1      | Found a faded altar of an unknown god.
   746 | D:1      | Reached XP level 3. HP: 15/19 MP: 6/9
  1668 | D:2      | Slain by a gnoll

Illustrated notes

Levels and vault maps discovered:
D:1:      spicycebolla_arrival_clurvy, layout_rooms,
          dreamdust_ecumenical_altar_statues, hangedman_decor_push
D:2:      layout_basic, minmay_crystal_room
D:3:      layout_rooms, ebering_ghost_sewer_f,
          mainiacjoe_sewer_entry_somewhere_in_here_2

Skill      XL: |  1  2 |
---------------+-------+-----
Stealth        | 3 |  3.2
Dodging        | |  2.9
Spellcasting   | |  3.5
Conjurations   | |  1.9
Fire Magic     | |  3.6

Action                     || total
---------------------------++-------
  Melee: Unarmed           ||    37
         Dagger            ||     2
   Cast: Foxfire           ||    86
    Use: Scroll            ||     5
   Stab: Sleeping          ||     2
 Armour: Robe              ||    50
  Dodge: Dodged            ||    53
